 Dungeon Crawl Stone Soup version bcrawl-1.21.2-1-g32d02e0829 (webtiles) character file.

Game seed: 6232487073704621413

23 Foic the Stinger (level 2, -2/17 HPs)
             Began as an Octopode Venom Mage on Feb 19, 2020.
             Slain by a phantom (6 damage)
             ... on level 2 of the Dungeon.
             The game lasted 00:07:38 (1178 turns).

Foic the Stinger (Octopode Venom Mage)              Turns: 1178, Time: 00:07:38

Health: -2/17      AC:  1    Str:  7    XL:     2   Next: 95%
Magic:  5/5        EV: 13    Int: 17    God:
Gold:   112        SH:  0    Dex: 12    Spells: 2/5 levels left

rFire    + . .     SeeInvis .   (no weapon)
rCold    . . .     Gourm    .   (no shield)
rNeg     . . .     Faith    .   (helmet restricted)
rPois    .         Spirit   .   (cloak restricted)
rElec    .         Reflect  .   (no amulet)
rCorr    .         Harm     .   i - ring of protection from fire
MR       .....                  (no ring)
Stlth    +++.......             (no ring)
HPRegen  0.05/turn              (no ring)
MPRegen  0.09/turn              (no ring)
                                (no ring)
                                (no ring)
                                (no ring)

@: no status effects
A: almost no armour, stealthy swim, amphibious, 8 rings, constrict 8, camouflage
1, gelatinous body 1
a: no special abilities


You were on level 2 of the Dungeon.
You were not hungry.

You visited 1 branch of the dungeon, and saw 2 of its levels.

You collected 112 gold pieces.

Inventory:

Missiles
 g - 171 arrows
 h - 132 stones
 k - 147 javelins (quivered)
Jewellery
 i - a ring of protection from fire (left tentacle)
Scrolls
 d - a scroll of identify
 n - a scroll of remove curse {unknown}
 o - 2 scrolls of teleportation {unknown}
 p - a scroll of immolation {unknown}
Potions
 a - a potion of invisibility {unknown}
 b - a potion of berserk rage
 c - a potion of degeneration
 j - a potion of heal wounds {unknown}
 l - 2 potions of curing {unknown}
 m - a potion of magic {unknown}
Comestibles
 e - 3 rations {!d}
 f - a chunk of flesh


   Skills:
 + Level 2.0 Dodging
 + Level 3.2 Stealth
 + Level 2.2 Spellcasting
 + Level 1.1 Conjurations
 + Level 4.4 Poison Magic


You had 2 spell levels left.
You knew the following spells:

 Your Spells              Type           Power        Failure   Level  Hunger
a - Sting                 Conj/Pois      ##..         6%          1    #......
b - Poisonous Vapours     Pois/Air       #.....       12%         2    ###....

Your spell library contained the following spells:

 Spells                   Type           Power        Failure   Level  Hunger
 Ignite Poison            Fire/Tmut/Pois #.......     30%         3    ###....
 Olgreb's Toxic Radiance  Pois           ###.....     30%         4    #####..
 Summon Scorpions         Summ/Pois      #.......     58%         4    #####..
 Venom Bolt               Conj/Pois      ##........   86%         5    ######.


Dungeon Overview and Level Annotations

Branches:
Dungeon (2/12)

Altars:
Nemelex Xobeh


Innate Abilities, Weirdness & Mutations

You cannot wear most types of armour.
You are very stealthy in the water. (Stealth+)
You are amphibious.
You can wear up to eight rings at the same time.
You can use your tentacles to constrict eight enemies at once.
Your skin changes colour to match your surroundings (Stealth+).
Your rubbery body absorbs attacks. (AC +1, EV +1)


Message History

Aim: a phantom You throw a javelin.
The javelin hits the phantom.
The phantom is lightly damaged.
Throwing (i - inventory. (/) - cycle)
k - 149 javelins (quivered)
Press: ? - help, Shift-Dir - straight line, f/p - phantom
Aim: a phantom (lightly damaged)
You throw a javelin. The javelin barely misses the phantom.
Throwing (i - inventory. (/) - cycle)
k - 148 javelins (quivered)
Press: ? - help, Shift-Dir - straight line, f/p - phantom
Aim: a phantom (lightly damaged)
You throw a javelin. The javelin barely misses the phantom.
The phantom misses you.
You barely miss the phantom.
The phantom is lightly damaged.
The phantom hits you!
* * * LOW HITPOINT WARNING * * *
You tentacle-slap the phantom.
The phantom is lightly damaged.
The phantom hits you.
You die...

#.. #.# #.. # #..## ... .#
#..# . #.# #.# ######.######
...#$#.## ##...........##
#...#[# ##.............##
#.#(#.##### #...............#
#.#.#÷...###..W............#
..#.#..##......@..<.........#
..###.......##...........⌠.⌠.#
.. ...#####.##.........<.._..#
. #### #.###..........⌠.⌠##
#....<.....#.....##
#####..########### ####


You could see a phantom.

Vanquished Creatures
  A worm (D:1)
  A dart slug (D:1)
  A leopard gecko (D:1)
  A giant cockroach (D:2)
  A hobgoblin (D:1)
  2 jackals (D:1)
  A quokka (D:1)
  2 bats (D:1)
  A frilled lizard (D:1)
  3 kobolds (D:1)
  3 rats
17 creatures vanquished.

Notes
Turn   | Place    | Note
-------+----------+-------------------------------------------
     0 | D:1      | Foic the Octopode Venom Mage began the quest for the Orb.
     0 | D:1      | Reached XP level 1. HP: 11/11 MP: 3/3
   243 | D:1      | Reached skill level 4 in Poison Magic
   243 | D:1      | Reached XP level 2. HP: 17/17 MP: 1/5
   247 | D:1      | Learned a level 2 spell: Poisonous Vapours
   851 | D:2      | Found a sparkling altar of Nemelex Xobeh.
  1149 | D:2      | Noticed a phantom
  1178 | D:2      | Slain by a phantom

Skill      XL: |  1 |
---------------+----+-----
Poison Magic   | 4 |  4.4
Dodging        | |  2.0
Stealth        | |  3.2
Spellcasting   | |  2.2
Conjurations   | |  1.1

Action                   || total
-------------------------++-------
Melee: Unarmed           ||    11
       Constrict         ||     3
       Tentacles         ||     2
Throw: Javelin           ||    11
 Cast: Sting             ||    36
  Use: Scroll            ||     1
  Eat: Chunk             ||     1
Dodge: Dodged            ||    14
